 Dungeon Crawl Stone Soup version 0.20.1-1-g8b1a95d (webtiles) character file.

2804 tmwrnj the Basher (level 9, -2/79 HPs)
             Began as a Hill Orc Fighter on Aug 1, 2017.
             Was an Initiate of Beogh.
             Killed by the air
             ... invoked by Gastronok
              (31 damage)
             ... on level 8 of the Dungeon.
             The game lasted 00:26:18 (7689 turns).

tmwrnj the Basher (Hill Orc Fighter)                Turns: 7689, Time: 00:26:19

Health: -2/79      AC: 15    Str: 27    XL:     9   Next: 72%
Magic:  9/9        EV:  6    Int:  8    God:    Beogh [......]
Gold:   498        SH: 10    Dex: 10    Spells: 8/8 levels left

rFire    . . .     SeeInvis .   a - +0 flail
rCold    . . .     Gourm    .   c - +0 shield
rNeg     . . .     Faith    .   g - +0 plate armour
rPois    .         Spirit   .   m - +2 hat
rElec    .         Reflect  .   (no cloak)
rCorr    .         Harm     .   (no gloves)
MR       .....                  (no boots)
Stlth    ..........             (no amulet)
Regen    0.3/turn               (no ring)
MPRegen  0.2/turn               (no ring)

@: mighty, drained
A: no striking features
a: Renounce Religion


You were on level 8 of the Dungeon.
You worshipped Beogh.
Beogh was noncommittal.
You were hungry.

You visited 1 branch of the dungeon, and saw 9 of its levels.

You collected 498 gold pieces.

Inventory:

Hand Weapons
 a - a +0 flail (weapon)
 q - a +0 mace
 A - a +0 dire flail of draining
Armour
 c - a +0 shield (worn)
 g - a +0 plate armour (worn)
 m - a +2 hat (worn)
Jewellery
 i - an uncursed ring of ice
Wands
 v - a wand of clouds (3/9)
 w - a wand of enslavement (8/24)
 D - a wand of flame (11/48)
Scrolls
 e - a scroll of magic mapping {unknown}
 j - 2 scrolls of enchant weapon
 l - a scroll of random uselessness {unknown}
 n - 4 scrolls of teleportation
 r - 2 scrolls of remove curse
 s - 2 scrolls of fear {unknown}
 t - 2 scrolls of identify
 y - 2 scrolls of fog
 z - a scroll of recharging {unknown}
 C - a scroll of amnesia {unknown}
 E - a scroll of summoning {unknown}
 G - a scroll of immolation {unknown}
Potions
 b - a potion of magic {unknown}
 h - 2 potions of flight {unknown}
 o - 2 potions of lignification {unknown}
 p - 3 potions of curing
 u - a potion of heal wounds {unknown}
 x - a potion of ambrosia {unknown}
 B - a potion of haste {unknown}
 H - a potion of degeneration {unknown}
Comestibles
 f - a bread ration
 k - a meat ration


   Skills:
 + Level 7.6(7.4) Fighting
 + Level 10.1(9.9) Maces & Flails
 + Level 7.8(7.7) Armour
 + Level 1.4(1.3) Dodging
 + Level 0.3(0.2) Stealth
 + Level 4.7(4.6) Shields


You had 8 spell levels left.
You didn't know any spells.

Dungeon Overview and Level Annotations

Branches:
Dungeon (9/15)             Temple (0/1) D:4            Lair (0/6) D:9
    Orc: D:9-12

Altars:
Ru
Sif Muna
Yredelemnul

Shops:
D:4 =

Annotations:
D:7 LeVisiteur's ghost, novice CeCK
D:8 Gastronok


Message History

You feel very mighty all of a sudden. Gastronok bites you!!
You bludgeon Gastronok!!
Gastronok is lightly wounded.
You sock Gastronok!
Gastronok is lightly wounded.
Gastronok's eyestalks quiver as he mumbles some strange words.
Gastronok puts on a burst of speed!
You sock Gastronok!
Gastronok is moderately wounded.
You thump Gastronok!
Gastronok is moderately wounded.
Gastronok mumbles some strange words.
You sock Gastronok!
Gastronok is heavily wounded.
You thump Gastronok!
Gastronok is heavily wounded.
Gastronok waves his eye-stalks in wide circles.
The air twists around and strikes you!
You die...

#...# ####### #...#
#...... ####...####
###...### #.........#
#.(.....#
#.........###........
#.....z..............
###r...########......
#w######### #...##.
#.@.≈≈≈...# ##### .
###'###+#.# . ###


You could see Gastronok and a quokka.

Vanquished Creatures
  A hippogriff (D:9)
  A yak (D:7)
  Eustachio (D:5)
  A hungry ghost (D:9)
  Duvessa (D:5)
  2 hell hounds (D:9)
  An ice beast (D:5)
  A phantom (D:6)
  A sky beast (D:7)
  A necrophage (D:5)
  2 centaurs
  Blork the orc (D:4)
  5 bullfrogs (D:6)
  Dowan (D:5)
  A wight (D:8)
  A killer bee (D:9)
  2 howler monkeys (D:7)
  4 crimson imps
  A jelly (D:5)
  A quasit (D:5)
  A hound (D:5)
  An orc priest (D:6)
  An iguana (D:4)
  4 worker ants
  Terence (D:2)
  An orc wizard (D:6)
  Natasha (twice) (D:2)
  A hound zombie (D:8)
  5 gnolls
  15 adders
  An ooze (D:2)
  2 adder skeletons
  3 worms
  2 dart slugs
  3 leopard geckos
  18 orcs
  6 bats
  3 giant cockroaches
  8 goblins
  4 hobgoblins
  9 jackals
  9 kobolds
  7 quokkas
  3 ball pythons
  2 frilled lizards
  A leopard gecko skeleton (D:5)
  6 rats
149 creatures vanquished.

Vanquished Creatures (others)
  An orc wizard (D:6)
  A worker ant (D:6)
  An adder (D:6)
  A giant cockroach (D:6)
4 creatures vanquished.

Grand Total: 153 creatures vanquished

Notes
Turn   | Place    | Note
-------+----------+-------------------------------------------
     0 | D:1      | tmwrnj the Hill Orc Fighter began the quest for the Orb.
     0 | D:1      | Reached XP level 1. HP: 19/19 MP: 1/1
   169 | D:1      | Reached XP level 2. HP: 21/27 MP: 2/2
   539 | D:1      | Reached XP level 3. HP: 33/33 MP: 3/3
   780 | D:2      | Reached skill level 3 in Maces & Flails
   893 | D:2      | Noticed Natasha
  1053 | D:1      | Reached XP level 4. HP: 17/40 MP: 4/4
  1580 | D:2      | Noticed Terence
  1658 | D:1      | Reached XP level 5. HP: 39/46 MP: 5/5
  1746 | D:2      | Reached skill level 4 in Maces & Flails
  1862 | D:3      | Noticed a phantom
  2067 | D:2      | Killed Terence
  2079 | D:2      | Killed Natasha
  2079 | D:2      | Reached skill level 1 in Dodging
  2215 | D:2      | Noticed Natasha
  2222 | D:2      | Killed Natasha
  2258 | D:2      | Found a sacrificial altar of Ru.
  2595 | D:3      | Reached XP level 6. HP: 47/53 MP: 6/6
  2617 | D:3      | Found a deep blue altar of Sif Muna.
  3064 | D:4      | Found a staircase to the Ecumenical Temple.
  3079 | D:4      | Noticed Blork the orc
  3268 | D:4      | Reached skill level 5 in Maces & Flails
  3269 | D:4      | Found Biocuit's Jewellery Boutique.
  3871 | D:4      | Killed Blork the orc
  4176 | D:5      | Entered Level 5 of the Dungeon
  4193 | D:5      | Reached XP level 7. HP: 54/60 MP: 7/7
  4218 | D:5      | Found a basalt altar of Yredelemnul.
  4302 | D:5      | Reached skill level 5 in Fighting
  4689 | D:5      | Reached skill level 6 in Maces & Flails
  4689 | D:5      | Reached skill level 5 in Armour
  4735 | D:5      | Noticed Duvessa
  4745 | D:5      | Killed Duvessa
  4762 | D:5      | Reached XP level 8. HP: 57/68 MP: 8/8
  4773 | D:5      | Noticed Eustachio
  4793 | D:5      | Noticed Dowan
  4827 | D:5      | Reached skill level 7 in Maces & Flails
  4853 | D:6      | Became a worshipper of Beogh the Brigand
  5358 | D:6      | Reached skill level 8 in Maces & Flails
  5607 | D:5      | Killed Eustachio
  5610 | D:5      | Killed Dowan
  5610 | D:5      | Reached XP level 9. HP: 55/78 MP: 9/9
  5616 | D:5      | Reached skill level 9 in Maces & Flails
  6037 | D:7      | Noticed LeVisiteur's ghost (novice CeCK)
  6668 | D:7      | HP: 3/79 [LeVisiteur's ghost (6)]
  7012 | D:8      | Noticed Gastronok
  7026 | D:9      | Found a staircase to the Lair.
  7349 | D:9      | Reached skill level 10 in Maces & Flails
  7689 | D:8      | Killed from afar by Gastronok

Skill      XL: |  1  2  3  4  5  6  7  8  9 |
---------------+----------------------------+-----
Fighting       | 4 5 6 7 |  7.6
Maces & Flails | 3 4 5 6 8 10 | 10.1
Armour         | 4 5 6 7 |  7.8
Dodging        | 1 |  1.4
Shields        | 4 |  4.7
Stealth        | |  0.3

Action                   |  1- 3 |  4- 6 |  7- 9 || total
-------------------------+-------+-------+-------++-------
Melee: Flail             |   126 |   265 |    51 ||   442
       Dire flail        |       |    12 |   365 ||   377
Invok: Convert to Beogh  |       |       |     1 ||     1
  Use: Scroll            |       |     4 |       ||     4
       Potion            |       |       |     3 ||     3
  Eat: Chunk             |       |    11 |     4 ||    15
       Royal jelly       |       |       |     1 ||     1
       Meat ration       |       |       |     2 ||     2
       Bread ration      |       |       |     1 ||     1
Armor: Scale mail        |    71 |    73 |       ||   144
       Plate armour      |       |    53 |   330 ||   383
Dodge: Dodged            |    57 |    71 |   154 ||   282
Block: Shield            |    70 |   136 |    32 ||   238
